Map: Old Estate

Players

GorillaGlue - Winner!

  • Race: Zerg Zerg
  • League: Diamond
  • Spawn Location: 1:00

Frobie - Winner!

  • Race: Terran Terran
  • League: Grandmaster
  • Spawn Location: 1:00

Cantstopme - Winner!

  • Race: Protoss Protoss
  • League: Diamond
  • Spawn Location: 3:00

FLORENCIO - Winner!

  • Race: Protoss Protoss
  • League: Master
  • Spawn Location: 3:00

Woosixion

  • Race: Zerg Zerg
  • League: Master
  • Spawn Location: 7:00

OMG

  • Race: Protoss Protoss
  • Spawn Location: 7:00

GrandmomSC

  • Race: Zerg Zerg
  • Spawn Location: 9:00

phantomvoid

  • Race: Terran Terran
  • Spawn Location: 7:00

VOD

Have the link to the VOD?

Description

Time

  • Played on: May 4, 2019, 5:53 p.m.
  • Length: 41:54
Show
View Real Time Build Order
Export as new Build Order

GorillaGlue Zerg - Winner!

Build Orders: Hatch First 

Get SALT Encoding   

  12  0:01  Drone  
  13  0:13  Overlord  
  13  0:18  Drone  
  14  0:32  Drone  
  14  0:33  Drone  
  16  0:38  Drone  
  17  0:55  Hatchery  
  16  0:57  Drone  
  16  1:01  Extractor  
  16  1:03  Drone  
  17  1:18  Spawning Pool  
  17  1:20  Drone  
  17  1:23  Drone  
  18  1:30  Drone  
  19  1:40  Overlord  
  19  2:07  Queen  
  21  2:12  Queen  
  21  2:13  Zergling x4  
  25  2:16  Drone x2  
  25  2:21  Drone  
  28  2:25  Drone  
  29  2:36  Extractor  
  28  2:44  Overlord  
  28  2:56  Roach Warren  
  28  2:58  Drone  
  28  3:02  Lair  
  28  3:09  Drone x5, Evolution Chamber  
  32  3:26  Overlord  
  32  3:29  Drone x3  
  35  3:37  Zerg Ground Armor Level 1  
  35  3:40  Overlord  
  35  3:45  Roach  
  39  3:48  Roach  
  39  3:51  Roach  
  39  3:55  Roach  
  43  4:02  Overlord  
  43  4:07  Roach x2  
  47  4:11  Roach  
  47  4:13  Roach  
  51  4:20  Roach x2  
  53  4:25  Roach  
  53  4:30  Roach  
  53  4:31  Roach  
  59  4:40  Overlord  
  59  4:45  Overlord  
  53  5:05  Drone x5  
  51  5:23  Drone x2  
  51  5:31  Zerg Missile Weapons Level 1  
  51  5:35  Drone x3  
  54  5:42  Drone x2  
  56  5:43  Drone  
  57  5:56  Drone x3  
  60  6:06  Spore Crawler  
  60  6:07  Spore Crawler  
  58  6:18  Overlord  
  58  6:23  Roach Warren  
  57  6:26  Drone  
  57  6:27  Drone x5, Hydralisk Den, Hatchery  
  57  6:30  Extractor x2  
  59  6:36  Drone x3  
  59  6:38  Drone  
  63  6:40  Drone  
  63  6:41  Drone  
  63  6:42  Drone x2  
  67  6:57  Grooved Spines  
  67  6:58  Overlord  
  67  7:03  Drone  
  67  7:04  Drone x2  
  67  7:05  Drone x2  
  72  7:10  Drone  
  72  7:12  Drone, Extractor  
  73  7:16  Extractor  
  73  7:17  Hydralisk  
  73  7:18  Hydralisk  
  73  7:21  Drone  
  77  7:26  Drone x3  
  77  7:27  Drone  
  77  7:29  Drone  
  82  7:39  Zerg Missile Weapons Level 2  
  82  7:41  Zergling x12  
  82  7:43  Queen  
  90  7:45  Metabolic Boost  
  90  7:52  Drone x3  
  93  8:06  Hydralisk x2  
  97  8:15  Drone x2, Spore Crawler  
  97  8:16  Overlord  
  97  8:17  Overlord  
  98  8:20  Overseer  
  98  8:22  Pneumatized Carapace  
  98  8:25  Overlord  
  98  8:42  Drone x7  
  98  8:43  Drone x6  
  98  8:44  Overlord  
  98  8:47  Hydralisk  
  113  9:01  Ravager  
  113  9:05  Roach x3  
  113  9:06  Roach x5  
  113  9:09  Overseer x2  
  127  9:20  Roach  
  127  9:22  Overlord  
  127  9:23  Overlord  
  127  9:43  Hydralisk  
  127  9:44  Hydralisk x8  
  145  10:01  Glial Reconstitution  
  145  10:03  Infestation Pit  
  144  10:10  Hydralisk  
  144  10:12  Overlord  
  144  10:13  Overlord x2  
  146  10:19  Spore Crawler  
  146  10:21  Spine Crawler  
  144  10:24  Overlord x2  
  144  10:32  Hydralisk  
  144  10:33  Hydralisk x5  
  152  10:47  Hydralisk  
  152  10:48  Hydralisk x6  
  160  11:00  Hydralisk  
  160  11:01  Hydralisk  
  161  11:20  Tunneling Claws  
  161  11:25  Hatchery  
  157  11:28  Hydralisk x3  
  157  11:29  Hydralisk  
  2  17:52  Overseer  
  2  20:17  Overseer  
  2  21:15  Overseer x2  
  2  24:18  Overseer  
Show
View Real Time Build Order
Export as new Build Order

Frobie Terran - Winner!

Build Orders: Command Center First (CC), Mech 

Get SALT Encoding   

  12  0:00  SCV  
  13  0:12  SCV  
  14  0:25  Supply Depot, SCV  
  15  0:47  SCV  
  16  0:59  SCV  
  17  1:10  Command Center  
  17  1:11  SCV  
  18  1:21  Barracks  
  18  1:23  SCV  
  19  1:29  Refinery  
  19  1:35  SCV  
  20  1:47  SCV  
  21  2:01  SCV  
  22  2:12  Reaper  
  22  2:13  Orbital Command  
  23  2:21  Orbital Command  
  23  2:37  Command Center  
  23  2:41  SCV  
  23  2:43  Marine  
  25  2:49  Factory  
  25  2:52  SCV  
  25  2:54  SCV  
  25  2:55  Refinery  
  27  3:04  SCV  
  28  3:06  Barracks Reactor  
  28  3:07  SCV  
  29  3:16  SCV  
  29  3:19  SCV  
  30  3:22  Bunker  
  30  3:28  SCV  
  30  3:31  SCV  
  30  3:34  Factory Tech Lab  
  32  3:35  Command Center  
  31  3:45  Marine x2  
  31  3:46  SCV  
  33  3:51  SCV  
  33  3:55  Supply Depot  
  34  3:56  Supply Depot  
  34  3:58  Supply Depot x2  
  31  4:14  Siege Tank, Marine  
  31  4:15  SCV, Marine  
  31  4:16  SCV  
  35  4:17  Orbital Command  
  35  4:27  Refinery  
  35  4:29  Refinery  
  34  4:35  SCV  
  31  4:43  Marine x2  
  32  4:46  Siege Tank  
  32  4:48  SCV  
  32  4:49  SCV x2  
  36  5:00  SCV  
  36  5:01  SCV x2, Marine x2  
  41  5:13  SCV x2  
  44  5:16  Orbital Command  
  44  5:19  Marine x2, Refinery  
  45  5:25  Siege Tank, SCV x2  
  50  5:37  Factory  
  50  5:38  Factory, SCV  
  50  5:41  Marine x2  
  50  5:42  SCV x2  
  55  5:50  SCV  
  55  5:54  SCV x2  
  58  5:57  Siege Tank  
  58  6:02  SCV  
  62  6:06  SCV x2  
  62  6:09  Refinery x2  
  64  6:11  Command Center  
  64  6:14  SCV  
  66  6:18  SCV  
  66  6:19  Orbital Command  
  66  6:21  Mag-Field Accelerator  
  66  6:23  Factory Tech Lab  
  66  6:25  SCV  
  67  6:26  SCV  
  68  6:39  Factory x2  
  68  6:47  Supply Depot  
  68  6:50  Supply Depot  
  68  6:52  SCV, Cyclone x2  
  75  6:58  SCV  
  76  7:02  Supply Depot  
  76  7:07  Supply Depot  
  76  7:09  Hellion, SCV  
  76  7:15  Armory  
  79  7:17  SCV x2  
  79  7:18  SCV  
  79  7:21  SCV  
  83  7:24  Orbital Command  
  83  7:29  SCV  
  84  7:33  Cyclone  
  84  7:34  Cyclone  
  90  7:38  SCV x3  
  89  7:56  SCV x2  
  89  7:57  SCV x2  
  89  7:58  SCV  
  87  8:06  Cyclone x2  
  87  8:08  SCV  
  87  8:09  Factory Tech Lab x2, SCV  
  87  8:10  SCV x2  
  87  8:11  Terran Vehicle And Ship Armor Level 1  
  98  8:15  Refinery  
  97  8:20  SCV  
  97  8:21  SCV  
  97  8:22  SCV  
  100  8:28  SCV  
  100  8:33  SCV  
  102  8:35  Cyclone x2  
  102  8:38  SCV x2, Cyclone x2  
  102  8:40  SCV  
  117  8:47  Command Center  
  117  8:55  SCV  
  118  8:58  Factory, Orbital Command  
  118  8:59  Factory, SCV x3  
  118  9:00  Factory  
  121  9:07  Cyclone  
  121  9:10  Cyclone  
  121  9:11  Cyclone  
  122  9:28  SCV  
  122  9:34  SCV  
  123  9:40  Refinery  
  123  9:43  SCV  
  123  9:44  Factory  
  123  9:45  SCV  
  123  9:49  Cyclone  
  123  9:59  SCV, Cyclone x3  
  133  10:06  Supply Depot  
  133  10:07  Terran Vehicle And Ship Armor Level 2  
  133  10:09  Supply Depot x2  
  133  10:10  Supply Depot  
  133  10:11  SCV  
  133  10:13  SCV x4  
  138  10:15  Factory Tech Lab x2  
  138  10:17  Factory  
  138  10:20  Factory Tech Lab  
  138  10:23  SCV  
  138  10:24  Cyclone  
  138  10:28  SCV x4  
  142  10:31  Cyclone x3  
  142  10:35  Cyclone  
  153  10:39  Cyclone x2  
  156  10:56  SCV x2, Cyclone  
  156  10:57  SCV x2  
  160  11:03  Cyclone x3  
  168  11:04  Factory Tech Lab  
  168  11:09  Cyclone  
  170  11:25  Refinery  
  170  11:26  Refinery  
  170  11:31  Command Center  
  170  11:35  SCV x2  
  170  11:36  Cyclone  
  170  11:37  Cyclone x2  
  170  11:38  Cyclone  
  170  11:42  Cyclone  
  170  11:43  SCV x2  
  170  11:44  SCV  
  170  11:47  Engineering Bay  
  170  11:50  SCV  
  170  12:10  Supply Depot  
  170  12:12  Supply Depot x2  
  170  12:21  SCV x2, Cyclone x2  
  178  12:24  Supply Depot, SCV x3, Cyclone x6  
  199  12:31  Refinery  
  199  12:34  SCV, Refinery  
  199  12:36  Command Center  
  197  12:42  SCV x4  
  198  12:45  Factory Tech Lab  
  198  12:46  SCV x2  
  194  13:01  Cyclone x2  
  194  13:02  Cyclone  
  199  13:29  Cyclone  
  199  13:30  Cyclone  
  171  13:51  SCV x2  
  171  13:53  SCV x3  
  137  14:03  SCV x2  
  137  14:05  SCV x2, Missile Turret  
  137  14:06  SCV x2  
  137  14:13  Cyclone x3  
  137  14:15  SCV  
  137  14:16  SCV  
  148  14:17  SCV x2  
  148  14:18  SCV  
  148  14:20  Cyclone  
  155  14:24  Cyclone  
  155  14:28  SCV x2  
  155  14:29  SCV  
  155  14:30  SCV  
  161  14:35  Planetary Fortress  
  161  14:37  SCV  
  159  14:40  SCV x2  
  159  14:41  SCV  
  159  14:42  SCV  
  159  14:45  Cyclone  
  166  14:49  SCV  
  166  14:52  SCV x2  
  145  14:54  SCV  
  130  15:02  SCV x2  
  130  15:04  SCV x2  
  122  15:07  Factory Tech Lab x5  
  122  15:08  Factory Tech Lab  
  122  15:09  Terran Vehicle And Ship Armor Level 3  
  122  15:10  SCV  
  120  15:15  SCV x2  
  120  15:16  SCV  
  120  15:17  SCV x2, Cyclone  
  125  15:22  SCV  
  125  15:26  Cyclone x2  
  125  15:27  SCV  
  125  15:28  SCV, Cyclone x2  
  143  15:31  SCV x2  
  143  15:34  SCV  
  140  15:39  SCV  
  140  15:40  SCV  
  133  15:45  SCV  
  133  15:46  SCV  
  133  15:49  Orbital Command, Cyclone  
  122  15:52  SCV  
  111  15:57  SCV  
  111  15:58  SCV, Cyclone x2  
  111  16:00  Cyclone x2  
  111  16:01  Refinery  
  111  16:02  Barracks  
  125  16:04  SCV  
  125  16:09  SCV  
  122  16:12  Factory Tech Lab  
  115  16:26  SCV  
  115  16:27  SCV  
  115  16:28  SCV  
  115  16:29  SCV  
  115  16:30  Cyclone  
  115  16:31  Cyclone  
  115  16:32  Cyclone x2  
  131  16:33  Cyclone  
  131  16:39  SCV  
  136  16:41  SCV  
  136  16:44  SCV  
  136  16:45  Orbital Command  
  137  16:51  SCV  
  135  16:58  SCV x2  
  136  17:03  SCV, Barracks, Cyclone x2  
  136  17:05  Cyclone x2  
  136  17:07  Cyclone  
  139  17:12  SCV x2  
  139  17:15  SCV  
  136  17:24  SCV  
  136  17:28  SCV x2  
  139  17:30  SCV  
  139  17:36  SCV  
  138  17:40  SCV  
  113  18:20  SCV  
  113  18:26  SCV  
  109  18:32  Supply Depot  
  109  18:34  Supply Depot  
  109  18:35  Supply Depot  
  109  18:37  Supply Depot  
  109  18:38  Supply Depot  
  109  18:40  Cyclone  
  109  18:51  Factory Reactor  
  109  18:53  SCV x3, Cyclone  
  115  18:56  Cyclone x3  
  124  19:05  SCV x3  
  124  19:06  Command Center  
  127  19:12  Cyclone  
  121  19:25  Cyclone  
  121  19:28  Cyclone x3  
  121  19:30  Command Center  
  129  19:44  Cyclone  
  105  19:57  Cyclone  
  97  20:00  Cyclone x3  
  96  20:16  Cyclone  
  71  20:30  Cyclone  
  71  20:32  Orbital Command, Cyclone x3  
  78  20:47  Hellion x2  
  79  20:54  Orbital Command, Refinery  
  78  21:00  SCV  
  78  21:02  Cyclone  
  79  21:04  Cyclone x3  
  79  21:09  Hellion x2  
  92  21:12  SCV  
  93  21:35  SCV  
  92  21:40  Supply Depot  
  92  21:42  SCV  
  93  21:51  Orbital Command  
  93  22:02  SCV, Cyclone x2  
  99  22:18  Supply Depot  
  99  22:19  Orbital Command  
  91  22:39  SCV  
  92  22:51  SCV  
  93  23:00  Cyclone  
  93  23:21  Command Center  
  80  24:52  Supply Depot  
  78  25:00  SCV  
  77  25:08  Orbital Command  
  77  25:13  Cyclone x3  
  86  25:16  Supply Depot  
  84  25:23  Cyclone  
  86  25:38  SCV  
  86  25:39  Supply Depot  
  87  25:46  Cyclone x2  
  93  25:50  SCV  
  94  26:00  Cyclone  
  94  26:01  Cyclone  
  94  26:03  Supply Depot  
  94  26:11  SCV  
  94  26:14  Refinery  
  94  26:15  Refinery  
  94  26:18  Cyclone x2  
  101  26:19  Command Center  
  101  26:23  SCV  
  92  26:32  Cyclone  
  92  26:33  Cyclone  
  92  26:35  SCV  
  99  26:41  Supply Depot  
  99  26:42  Supply Depot x2  
  99  26:50  Cyclone x2  
  105  26:58  Supply Depot  
  105  26:59  Supply Depot  
  105  27:00  Supply Depot, Refinery  
  105  27:05  Cyclone x2  
  105  27:08  Orbital Command  
  111  27:11  Refinery  
  111  27:22  Cyclone x2  
  112  27:37  Cyclone x2  
  112  27:39  Command Center  
  103  27:47  SCV  
  104  27:54  Cyclone x2  
  109  27:59  SCV  
  110  28:09  Cyclone x2  
  80  28:26  Cyclone  
  83  28:38  Hellion x3  
  91  28:41  Hellion  
  91  28:42  Hellion  
  59  29:56  Cyclone x2  
  59  29:58  Orbital Command  
  53  30:00  SCV  
  53  30:01  Refinery  
  53  30:04  Cyclone  
  57  30:12  SCV  
  58  30:15  Command Center  
  58  30:19  Factory Tech Lab  
  58  30:20  Command Center  
  58  30:24  SCV  
  57  30:28  Cyclone  
  57  30:29  Cyclone  
  63  30:36  Cyclone  
  34  31:11  Cyclone x4  
  34  31:12  SCV  
  44  31:21  Starport  
  44  31:23  SCV  
  44  31:24  SCV  
  46  31:31  Cyclone  
  49  31:35  SCV  
  50  31:43  Cyclone x3  
  50  31:44  Cyclone  
  62  31:52  Refinery  
  59  32:34  Liberator  
  56  32:44  SCV  
  56  32:46  SCV  
  61  32:55  Factory Tech Lab  
  61  32:56  Factory Tech Lab  
  61  32:57  SCV  
  61  32:58  SCV  
  63  33:06  Factory, Factory Tech Lab  
  63  33:07  Factory  
  63  33:08  Factory x2, Factory Tech Lab  
  63  33:09  SCV  
  63  33:10  SCV  
  65  33:16  Liberator  
  65  33:19  Cyclone x2  
  71  33:21  SCV  
  72  33:30  Orbital Command  
  72  33:33  SCV  
  70  33:38  Cyclone x2  
  58  33:42  SCV  
  58  33:47  Factory Tech Lab  
  59  33:51  Cyclone x2  
  59  33:53  Factory Tech Lab x2  
  59  33:54  Factory Tech Lab  
  65  33:58  Orbital Command  
  65  33:59  Liberator  
  58  34:10  Cyclone x2  
  63  34:23  Cyclone x2  
  69  34:33  Cyclone  
  72  34:42  Liberator, Cyclone x2  
  78  34:55  Cyclone x2  
  84  35:06  Cyclone  
  72  35:14  Cyclone x2  
  78  35:27  Cyclone x2  
  73  35:38  Cyclone  
  76  35:46  Cyclone x2  
  82  35:59  Cyclone  
  76  36:15  Cyclone x2  
  70  36:31  SCV x2  
  66  36:43  SCV x2  
  65  36:48  SCV  
  66  36:55  SCV x2  
  66  36:59  Cyclone x2  
  66  37:00  SCV  
  72  37:07  SCV  
  73  37:21  Cyclone x3  
  82  37:31  Cyclone x2  
  88  37:40  SCV x3  
  88  37:53  Cyclone x2  
  88  37:57  Cyclone  
  88  38:01  Orbital Command  
  88  38:08  Cyclone  
  88  38:09  Cyclone  
  88  38:12  Refinery x2  
  94  38:15  SCV x2  
  96  38:21  Orbital Command  
  96  38:24  Command Center  
  96  38:25  Factory Tech Lab, Cyclone x2  
  102  38:27  SCV x2  
  102  38:29  SCV, Cyclone  
  99  38:38  Cyclone  
  99  38:39  SCV x2  
  99  38:41  Hellion x2, Cyclone x2  
  111  38:42  SCV  
  100  38:51  SCV x2  
  96  38:57  Hellion x2  
  96  39:02  Hellion  
  99  39:22  Cyclone x4  
  96  39:54  Cyclone x2  
  96  39:57  SCV x5  
  96  39:59  Cyclone  
  110  40:00  Cyclone  
  110  40:04  Cyclone  
  110  40:05  Hellion  
  110  40:06  Hellion x3  
  124  40:09  SCV x2  
  126  40:15  SCV  
  126  40:16  SCV x2  
  129  40:21  SCV  
  129  40:27  Cyclone  
  129  40:28  Cyclone  
  117  40:43  Cyclone x2  
  117  40:46  SCV  
  117  40:47  Orbital Command  
  115  40:50  SCV x2  
  117  41:12  Cyclone x2  
  117  41:13  Cyclone x3  
  132  41:19  SCV  
Show
View Real Time Build Order
Export as new Build Order

Cantstopme Protoss - Winner!

Build Orders:  

Get SALT Encoding   

  12  0:04  Probe  
  13  0:17  Probe, Pylon  
  14  0:25  Probe  
  14  0:35  Probe  
  15  0:42  Gateway  
  16  0:48  Pylon  
  16  0:52  Probe  
  17  1:00  Probe  
  18  1:08  Probe  
  18  1:13  Forge  
  18  1:18  Probe, Assimilator  
  20  1:30  Probe  
  21  1:47  Nexus  
  21  1:51  Pylon  
  21  2:02  Cybernetics Core  
  21  2:14  Photon Cannon  
  21  2:19  Pylon  
  21  2:22  Probe  
  21  2:27  Assimilator  
  22  2:30  Probe  
  23  2:41  Probe  
  24  2:45  Robotics Facility  
  24  2:52  Pylon  
  24  3:06  Probe  
  24  3:07  Probe  
  24  3:08  Robotics Facility  
  26  3:22  Probe  
  26  3:25  Probe  
  28  3:28  Immortal  
  28  3:30  Probe  
  29  3:37  Probe  
  29  3:40  Probe  
  34  3:41  Adept  
  37  3:50  Probe  
  37  3:52  Probe  
  39  3:55  Immortal  
  43  4:12  Shield Battery  
  43  4:13  Shield Battery  
  43  4:14  Immortal  
  40  4:39  Probe  
  40  4:40  Probe  
  41  4:48  Immortal  
  41  4:52  Probe  
  41  5:02  Immortal  
  43  5:22  Probe  
  43  5:23  Probe  
  45  5:35  Probe x2  
  47  5:37  Immortal  
  51  5:47  Probe x2  
  53  5:59  Probe x2  
  55  6:04  Stalker  
  55  6:07  Shield Battery  
  55  6:09  Shield Battery  
  55  6:11  Probe  
  55  6:20  Probe  
  55  6:23  Probe  
  57  6:29  Robotics Bay  
  57  6:32  Probe, Pylon  
  58  6:35  Observer  
  58  6:36  Probe  
  58  6:38  Assimilator  
  58  6:39  Assimilator  
  60  6:44  Probe  
  61  6:48  Probe  
  61  6:49  Protoss Ground Weapons Level 1  
  61  6:50  Immortal  
  66  6:59  Probe  
  66  7:03  Probe, Pylon  
  66  7:05  Pylon  
  66  7:07  Warp Gate  
  68  7:11  Stalker  
  70  7:18  Probe  
  70  7:20  Probe  
  70  7:22  Extended Thermal Lance  
  72  7:27  Pylon  
  72  7:32  Probe  
  73  7:41  Colossus  
  77  8:18  Colossus  
  83  8:27  Pylon x2  
  83  8:32  Colossus  
  89  8:46  Nexus  
  89  9:01  Colossus  
  89  9:02  Pylon  
  89  9:04  Pylon  
  89  9:06  Pylon  
  95  9:19  Colossus  
  95  9:23  Probe x2  
  103  9:35  Probe x2  
  96  9:54  Probe  
  96  9:56  Probe  
  96  9:58  Probe  
  70  10:02  Probe  
  70  10:04  Probe  
  70  10:05  Colossus x2  
  61  10:10  Probe  
  61  10:12  Probe  
  11  24:23  Nexus  
  11  24:49  Nexus  
  11  24:52  Pylon  
  11  24:53  Pylon  
  11  26:14  Assimilator  
  11  26:17  Assimilator  
  11  26:22  Assimilator  
  11  26:41  Probe  
  12  26:53  Probe  
  13  27:05  Probe  
  14  27:17  Probe  
  15  27:28  Probe  
  16  27:36  Probe  
  17  27:44  Probe  
  18  27:55  Probe  
  19  29:07  Probe  
  20  29:19  Probe  
  21  29:46  Probe  
  21  29:48  Probe  
  23  29:58  Probe  
  24  30:18  Probe  
  25  30:30  Probe  
  26  31:22  Probe  
  27  31:34  Probe  
Show
View Real Time Build Order
Export as new Build Order

FLORENCIO Protoss - Winner!

Build Orders:  

Get SALT Encoding   

  12  0:01  Probe  
  13  0:13  Probe  
  14  0:25  Probe  
  15  0:33  Pylon  
  15  0:51  Probe  
  15  0:56  Gateway  
  16  1:02  Assimilator  
  16  1:03  Probe  
  17  1:07  Assimilator  
  17  1:15  Probe  
  18  1:27  Probe  
  19  1:39  Probe  
  20  1:40  Pylon  
  20  1:44  Cybernetics Core  
  20  1:49  Probe  
  21  1:57  Probe  
  22  2:05  Probe  
  23  2:17  Probe  
  24  2:30  Probe  
  24  2:38  Stargate  
  24  2:40  Stargate  
  24  2:42  Probe  
  25  2:52  Nexus  
  25  2:54  Probe  
  25  2:58  Pylon  
  26  3:06  Probe  
  27  3:13  Void Ray  
  27  3:14  Void Ray  
  35  3:47  Pylon  
  35  3:56  Void Ray  
  39  4:10  Void Ray  
  40  4:52  Void Ray  
  44  5:20  Void Ray  
  48  5:41  Probe  
  49  5:43  Void Ray  
  53  5:53  Probe  
  54  6:07  Void Ray  
  58  6:44  Void Ray  
  62  7:25  Assimilator  
  62  7:29  Assimilator  
  62  8:03  Pylon  
  62  8:06  Pylon  
  62  8:09  Pylon  
  62  8:11  Pylon  
  62  8:12  Pylon  
  62  8:14  Pylon  
  62  8:21  Probe x2, Void Ray  
  62  8:24  Void Ray  
  72  8:33  Probe x2  
  74  8:46  Probe x2  
  76  8:48  Pylon  
  76  8:50  Pylon  
  76  8:51  Pylon  
  76  8:58  Probe x2  
  76  9:01  Void Ray  
  78  9:03  Void Ray  
  86  9:10  Probe x2  
  88  9:22  Probe x2  
  74  9:37  Void Ray  
  54  9:40  Void Ray  
  50  9:50  Stargate  
  52  10:20  Void Ray  
  56  10:23  Void Ray  
  59  10:44  Forge  
  59  10:46  Void Ray  
  61  11:02  Void Ray  
  64  11:05  Void Ray  
  68  11:29  Void Ray  
  72  11:48  Photon Cannon  
  70  11:55  Photon Cannon  
  69  12:03  Photon Cannon  
  69  12:06  Photon Cannon  
  67  12:11  Void Ray  
  67  12:12  Void Ray x2  
  79  12:17  Photon Cannon  
  79  12:20  Photon Cannon  
  79  12:54  Void Ray x2  
  79  12:55  Void Ray  
  86  13:37  Void Ray x2  
  86  13:38  Void Ray  
  94  14:20  Void Ray x2  
  102  14:43  Nexus  
  102  14:57  Photon Cannon  
  102  14:58  Pylon, Photon Cannon  
  101  15:16  Void Ray x2  
  109  15:41  Void Ray  
  106  16:33  Photon Cannon  
  106  16:35  Photon Cannon  
  106  16:37  Photon Cannon  
  109  16:45  Robotics Facility  
  102  17:43  Observer  
  103  17:45  Probe  
  104  17:57  Probe  
  105  18:05  Observer  
  106  18:09  Probe  
  107  18:21  Probe  
  108  18:33  Probe  
  109  18:45  Probe  
  110  19:23  Probe  
  107  19:36  Probe  
  52  19:56  Void Ray x2  
  44  20:07  Probe  
  44  20:10  Pylon, Void Ray  
  44  20:12  Pylon  
  44  20:14  Photon Cannon  
  49  20:15  Photon Cannon  
  49  20:16  Photon Cannon  
  49  20:31  Probe  
  50  20:39  Void Ray x2  
  58  20:43  Probe  
  59  20:53  Void Ray  
  63  21:21  Void Ray  
  67  21:25  Void Ray  
  71  22:04  Void Ray  
  71  22:05  Void Ray  
  79  22:23  Void Ray  
  79  23:30  Void Ray  
  79  23:31  Void Ray  
  87  24:13  Void Ray x2  
  95  25:07  Void Ray x2  
  95  25:10  Probe  
  104  25:22  Probe  
  77  26:08  Void Ray x2  
  53  26:28  Nexus  
  53  26:29  Observer  
  53  26:31  Assimilator  
  53  26:35  Assimilator  
  53  27:16  Void Ray  
  57  27:34  Void Ray  
  61  27:44  Probe  
  62  27:56  Probe  
  63  28:01  Void Ray  
  67  28:20  Void Ray  
  67  28:25  Photon Cannon  
  71  28:59  Void Ray  
  75  29:21  Probe  
  72  29:34  Probe  
  73  29:41  Fleet Beacon  
  73  29:44  Probe  
  74  29:46  Probe  
  75  29:58  Probe  
  74  30:29  Tempest  
  79  31:27  Tempest  
  84  31:49  Tempest  
  89  32:24  Photon Cannon  
  89  32:25  Photon Cannon  
  89  32:26  Photon Cannon  
  89  32:28  Photon Cannon  
  89  32:30  Photon Cannon  
  89  32:32  Photon Cannon  
  89  32:33  Pylon  
  81  33:08  Photon Cannon  
  81  33:10  Photon Cannon  
  81  33:11  Photon Cannon  
  80  33:13  Photon Cannon  
  77  34:12  Gateway  
  57  34:48  Oracle  
  52  35:05  Stargate  
  43  36:19  Void Ray  
  47  36:54  Void Ray  
  47  36:56  Stargate  
  51  37:02  Void Ray  
  55  37:18  Nexus  
  55  37:19  Pylon  
  55  37:21  Pylon  
  55  37:37  Void Ray  
  59  37:44  Void Ray  
  53  38:00  Void Ray  
  52  38:10  Probe  
  53  38:20  Void Ray  
  53  38:22  Probe  
  53  38:23  Photon Cannon  
  58  38:27  Void Ray, Assimilator  
  58  38:32  Assimilator  
  62  38:36  Probe  
  63  38:43  Void Ray  
  67  38:48  Probe  
  68  38:56  Probe  
  69  39:03  Void Ray  
  69  39:08  Probe  
  74  39:20  Probe  
  75  39:29  Void Ray  
  79  40:06  Probe  
  80  40:12  Void Ray  
  84  40:18  Probe  
  85  40:41  Fleet Beacon  
  85  40:54  Void Ray  
  89  41:06  Pylon  
  89  41:08  Pylon  
Show
View Real Time Build Order
Export as new Build Order

Woosixion Zerg 

Build Orders: Pool First 

Get SALT Encoding   

  12  0:00  Drone  
  13  0:13  Overlord  
  13  0:20  Drone  
  14  0:33  Drone x2  
  16  0:37  Drone  
  17  0:49  Extractor  
  16  0:51  Spawning Pool  
  16  0:52  Drone  
  16  0:56  Drone  
  17  1:20  Hatchery  
  17  1:22  Drone  
  17  1:24  Drone  
  18  1:39  Queen  
  20  1:44  Drone  
  21  1:50  Drone  
  21  1:53  Metabolic Boost  
  22  2:04  Roach Warren  
  21  2:11  Drone  
  22  2:16  Overlord  
  22  2:48  Roach x5  
  22  2:50  Roach  
  34  2:55  Overlord  
  36  2:58  Roach  
  36  3:15  Zergling x10  
  41  3:24  Zergling x2  
  41  3:25  Zergling x4  
  41  3:27  Overlord  
  44  3:46  Drone x3  
  44  3:47  Drone  
  48  3:49  Drone  
  48  3:51  Lair  
  48  3:54  Drone  
  51  3:55  Drone  
  51  4:00  Drone  
  52  4:07  Overlord  
  51  4:13  Drone  
  51  4:22  Drone x3  
  51  4:25  Drone  
  51  4:28  Queen  
  50  4:34  Drone x2  
  52  4:42  Drone  
  51  4:45  Drone  
  51  4:51  Drone  
  50  4:56  Drone  
  50  4:57  Glial Reconstitution  
  46  5:00  Extractor x2  
  46  5:02  Drone x2, Extractor  
  46  5:03  Drone x2  
  45  5:14  Drone x2  
  47  5:34  Overlord  
  47  5:35  Drone x2  
  48  5:39  Overlord  
  48  5:43  Roach, Burrow  
  48  5:44  Roach x4  
  48  5:45  Evolution Chamber  
  48  5:46  Roach, Hatchery  
  58  5:53  Roach  
  58  5:55  Roach  
  62  6:00  Roach x3  
  68  6:04  Roach  
  68  6:10  Zerg Missile Weapons Level 1  
  70  6:11  Roach  
  72  6:22  Tunneling Claws  
  72  6:23  Roach x2  
  72  6:25  Overlord x3  
  76  6:35  Nydus Network  
  75  6:49  Roach x4  
  75  6:50  Roach x2  
  87  6:55  Drone x2  
  87  6:57  Roach x2  
  95  7:16  Pneumatized Carapace  
  95  7:17  Overseer  
  95  7:20  Roach x3  
  101  7:23  Roach x2  
  101  7:28  Overlord x2  
  105  7:30  Nydus Canal  
  103  7:38  Overlord  
  67  8:03  Nydus Canal  
  63  8:13  Hatchery  
  63  8:14  Roach x6  
  63  8:15  Roach x2  
  76  8:25  Zerg Ground Armor Level 1  
  76  8:34  Roach  
  76  8:35  Roach  
  76  8:36  Roach  
  76  8:37  Roach  
  76  8:38  Roach x2  
  88  8:43  Roach x7  
  88  8:45  Nydus Canal  
  88  8:47  Roach  
  96  8:50  Roach x11  
  96  8:53  Roach  
  96  8:54  Roach  
  100  9:00  Roach x2  
  100  9:01  Roach x3  
  100  9:03  Roach  
  100  9:04  Roach  
  100  9:05  Roach x5  
  100  9:12  Roach x2  
  100  9:13  Roach x2  
  100  9:14  Roach  
  92  9:19  Roach  
  92  9:23  Roach x3  
  90  9:24  Roach  
  90  9:25  Roach  
  90  9:26  Roach x2  
  90  9:27  Roach x5  
  90  9:32  Roach x2  
  90  9:33  Roach  
  90  9:37  Roach, Queen  
  100  9:40  Roach  
  96  9:48  Nydus Canal  
  96  9:49  Roach x2  
  96  9:51  Roach  
  100  9:53  Roach  
  100  9:57  Roach  
  100  9:58  Roach  
  100  10:00  Roach  
  100  10:02  Roach  
  100  10:04  Roach  
  104  10:07  Roach  
  104  10:08  Roach  
  104  10:12  Roach x2  
  106  10:17  Roach  
  106  10:18  Roach  
  106  10:20  Roach x3  
  106  10:21  Nydus Canal  
  104  10:23  Roach  
  104  10:25  Roach x2  
  104  10:26  Roach x2  
  104  10:28  Roach  
  102  10:29  Roach x2  
  100  10:38  Roach x2  
  100  10:39  Roach  
  104  10:43  Roach  
  106  10:50  Roach  
  106  10:52  Nydus Canal  
  106  10:53  Roach  
  106  10:56  Zerg Missile Weapons Level 2  
  106  11:03  Roach  
  106  11:05  Roach  
  106  11:07  Roach x2  
  106  11:08  Roach x2  
  106  11:15  Roach  
  106  11:16  Roach x4  
  106  11:17  Roach x2  
  106  11:18  Roach  
  98  11:19  Roach x2  
  98  11:20  Roach x3  
  98  11:24  Roach  
  106  11:29  Roach x3  
  106  11:32  Roach  
  106  11:34  Roach  
  106  11:39  Roach  
  106  11:41  Overlord x3  
  106  11:45  Roach x3  
  106  11:49  Overlord x2  
  102  12:00  Ravager x5  
  102  12:01  Ravager x3  
  102  12:10  Roach  
  102  12:11  Roach x2  
  102  12:16  Roach x3  
  102  12:20  Roach  
  102  12:21  Roach x4  
  118  12:24  Roach x2  
  118  12:28  Roach x3  
  122  12:32  Roach x2  
  122  12:33  Roach x2  
  128  12:38  Roach  
  128  12:43  Roach x3  
  136  12:44  Roach  
  136  12:47  Nydus Canal  
  136  12:49  Roach  
  119  12:59  Roach x3  
  119  13:02  Roach x2  
  119  13:04  Roach x2  
  125  13:06  Roach  
  127  13:16  Roach  
  127  13:19  Roach x3  
  125  13:20  Roach  
  125  13:21  Roach  
  125  13:22  Roach  
  125  13:24  Roach  
  123  13:29  Roach  
  123  13:31  Roach  
  123  13:33  Roach  
  129  13:37  Roach x4  
  129  13:38  Nydus Canal  
  129  13:40  Roach  
  133  14:00  Roach x2  
  135  14:09  Roach  
  133  14:11  Roach x2  
  133  14:13  Roach x4  
  141  14:17  Roach x6  
  141  14:19  Roach  
  141  14:20  Roach x4  
  145  14:24  Overlord x2  
  145  14:31  Roach x2  
  145  14:35  Roach  
  145  14:36  Roach  
  145  14:37  Roach  
  139  14:40  Roach  
  139  14:43  Roach  
  143  14:46  Roach x5  
  143  14:48  Roach x3  
  147  14:57  Roach  
  147  14:59  Roach x2  
  153  15:00  Roach  
  153  15:01  Roach x4  
  153  15:03  Overlord x2  
  153  15:08  Roach  
  153  15:09  Roach  
  157  15:15  Roach  
  157  15:16  Roach  
  157  15:17  Roach x4  
  157  15:18  Roach  
  157  15:20  Roach  
  161  15:22  Roach  
  161  15:30  Extractor  
  161  15:31  Drone x2  
  161  15:32  Extractor  
  161  15:34  Roach x2  
  165  15:37  Roach  
  165  15:41  Roach  
  165  15:42  Roach  
  171  15:46  Roach  
  173  15:56  Roach x5  
  168  16:06  Ravager x2  
  168  16:07  Ravager  
  168  16:10  Infestation Pit  
  169  16:14  Roach  
  153  16:41  Overlord  
  153  16:48  Pathogen Glands  
  153  16:50  Roach x4  
  153  16:59  Roach x4, Hatchery  
  152  17:06  Roach x4  
  152  17:13  Roach  
  146  17:44  Nydus Canal  
  146  17:52  Roach x4  
  146  17:58  Neural Parasite  
  146  17:59  Infestor x2  
  146  18:00  Infestor x3  
  156  18:09  Nydus Canal  
  130  18:43  Nydus Canal  
  130  18:44  Roach x7  
  130  18:45  Roach  
  146  19:02  Roach  
  146  19:03  Roach x5  
  156  19:13  Roach x2  
  156  19:14  Roach  
  162  19:17  Roach x38  
  162  19:19  Roach  
  162  19:23  Nydus Canal  
  118  20:02  Roach x21  
  118  20:09  Roach x2  
  118  20:11  Roach x3  
  104  20:37  Roach x7  
  104  20:38  Roach x13  
  140  21:01  Extractor  
  133  21:34  Infestor x3, Hatchery  
  133  21:35  Roach x6  
  133  21:39  Roach x8  
  138  21:45  Infestor x5  
  138  21:50  Infestor  
  92  22:39  Nydus Canal  
  88  22:55  Nydus Canal  
  88  22:59  Roach  
  88  23:00  Roach x4  
  88  23:03  Roach x19  
  98  23:33  Infestor  
  76  23:50  Roach x4  
  58  24:30  Infestor x2  
  52  24:47  Hatchery  
  51  24:56  Infestor  
  51  25:34  Infestor x3  
  57  26:06  Infestor  
  59  26:36  Roach x5  
  59  26:37  Roach x3  
  75  26:47  Hatchery  
  75  26:50  Hatchery  
  73  26:57  Ravager  
  68  28:14  Hatchery  
  65  28:42  Infestor x2  
  65  28:43  Infestor x2  
  65  28:45  Queen x3  
  79  29:15  Roach  
  79  29:16  Roach x7  
  85  29:33  Infestor x13  
  85  29:42  Roach  
  81  30:33  Hatchery  
  80  30:40  Hatchery  
  79  31:06  Infestor x3  
  85  31:37  Extractor  
  84  31:44  Extractor  
  83  31:48  Infestor x3  
  83  31:57  Drone x14  
  83  31:58  Drone x9  
  106  32:11  Infestor x2  
  110  32:19  Queen  
  110  32:20  Infestor x13  
  96  33:09  Roach Warren  
  95  33:36  Infestor  
  95  33:37  Infestor x4  
  91  33:47  Infestor x9  
  91  33:48  Infestor x2  
  79  34:40  Hatchery  
  79  34:42  Infestor x5  
  77  35:26  Infestor x5  
  77  35:49  Hatchery  
  76  36:10  Infestor  
  72  36:58  Drone x2  
  64  37:59  Infestor x10  
  59  38:14  Drone x6  
  59  38:15  Drone  
  36  40:36  Queen x2  
Show
View Real Time Build Order
Export as new Build Order

OMG Protoss 

Build Orders:  

Get SALT Encoding   

  1  0:00  Probe  
  12  0:06  Probe  
  14  0:18  Pylon  
  14  0:22  Probe  
  15  0:36  Probe  
  15  0:39  Gateway  
  16  0:48  Probe  
  17  0:58  Probe  
  18  1:06  Probe  
  18  1:08  Assimilator  
  19  1:12  Assimilator  
  19  1:14  Probe  
  20  1:26  Probe  
  20  1:27  Cybernetics Core  
  21  1:38  Probe  
  22  1:48  Nexus  
  22  1:54  Probe  
  23  1:57  Warp Gate  
  23  1:58  Pylon  
  23  2:16  Adept  
  23  2:18  Gateway  
  26  2:22  Probe  
  26  2:33  Pylon  
  26  2:35  Probe  
  27  2:47  Probe  
  28  2:52  Adept  
  30  2:59  Probe  
  30  3:00  Probe  
  30  3:05  Adept  
  34  3:11  Probe  
  34  3:12  Probe  
  36  3:24  Probe x2  
  38  3:27  Assimilator  
  38  3:28  Pylon  
  38  3:36  Probe x2  
  38  3:37  Assimilator  
  38  3:39  Pylon  
  40  3:46  Adept x2  
  44  3:48  Probe x2  
  46  4:02  Robotics Facility  
  46  4:03  Stargate  
  46  4:04  Probe x2  
  48  4:12  Probe  
  48  4:13  Probe  
  50  4:20  Probe  
  50  4:21  Probe  
  52  4:48  Oracle  
  52  4:52  Warp Prism  
  49  5:22  Oracle  
  49  5:27  Adept x2  
  54  5:33  Gateway x2  
  54  5:36  Gateway  
  54  5:38  Robotics Bay  
  54  5:44  Observer  
  54  5:52  Oracle  
  56  6:18  Warp Prism  
  56  6:22  Void Ray  
  59  6:38  Stalker x3  
  59  6:39  Stalker x2  
  66  7:02  Stalker x2  
  66  7:03  Stalker  
  70  7:13  Pylon  
  70  7:15  Pylon  
  70  7:16  Pylon  
  70  7:17  Pylon  
  70  7:24  Void Ray  
  70  7:33  Stalker x5  
  84  7:56  Colossus  
  90  7:59  Stalker x5  
  100  8:05  Twilight Council  
  100  8:07  Gateway  
  100  8:08  Pylon  
  100  8:10  Pylon  
  100  8:18  Void Ray  
  100  8:22  Blink  
  104  8:39  Stalker x5  
  114  8:51  Observer  
  115  9:19  Stalker  
  117  9:45  Void Ray  
  77  10:03  Stalker x6  
  87  10:26  Stalker x2  
  87  10:27  Stalker x4  
  87  10:28  Void Ray  
  103  10:29  Resonating Glaives  
  84  10:58  Warp Prism  
  84  11:03  Stalker x3  
  84  11:04  Stalker x3  
  94  11:10  Void Ray  
  102  11:27  Stalker x6  
  58  11:57  Stalker  
  58  11:58  Stalker x5  
  58  12:00  Colossus  
  66  12:37  Stalker x2  
  66  12:38  Stalker x4  
  78  12:47  Pylon  
  78  12:48  Pylon  
  76  13:04  Void Ray  
  75  13:26  Stalker x6, Protoss Air Weapons Level 1  
  64  15:06  Adept x3  
  64  15:07  Adept x3  
  51  15:37  Adept  
  51  15:38  Adept  
  51  15:39  Adept  
  51  15:40  Adept x3  
  61  15:59  Stalker x2  
  61  16:00  Adept x3  
  47  16:35  Adept x2  
  47  16:36  Adept  
  47  16:37  Adept x3  
  49  17:35  Nexus  
  41  17:57  Colossus  
  46  18:42  Colossus  
  38  21:01  Nexus  
  38  21:53  Assimilator  
  38  21:55  Assimilator  
  38  22:02  Templar Archives  
  36  22:24  Pylon  
  16  23:31  Nexus  
  16  23:38  High Templar  
  18  23:43  High Templar  
  20  23:53  High Templar  
  22  24:00  High Templar  
  24  24:17  Assimilator  
  24  24:25  Assimilator  
  24  24:35  Psionic Storm  
  23  25:01  High Templar x2  
  23  25:03  High Templar  
  29  25:12  Probe x2  
  31  25:27  High Templar x3  
  35  26:41  High Templar x2  
  35  26:44  High Templar  
  41  28:32  High Templar  
  43  28:34  Adept  
  43  28:35  Stalker  
  43  28:36  Stalker x2  
  43  28:37  High Templar  
  40  29:21  High Templar x2  
  40  29:23  Stalker  
  46  29:24  Stalker  
  42  30:00  Adept x3  
  42  30:01  Adept x3  
  54  30:58  High Templar x2  
  58  31:16  Archon  
  42  32:28  High Templar x2  
  42  32:29  High Templar  
  48  32:53  High Templar  
  48  33:52  High Templar x2  
  48  33:54  Zealot, Adept  
  56  33:55  Adept  
  56  33:56  Zealot  
  56  34:54  Archon  
  50  35:38  Archon  
  16  36:44  Stalker x2  
  16  36:45  Stalker x4  
  28  36:50  Warp Prism  
  28  37:07  Stalker x2  
  28  37:08  Stalker x4  
  42  37:24  Stalker x2  
  42  37:25  Stalker x3  
  52  37:47  Stalker  
  52  37:48  Stalker x4  
  52  37:49  Stalker  
  48  38:12  Stalker x5  
  56  38:13  Stalker  
  36  38:55  Stalker  
  36  38:56  Stalker x4  
  36  38:58  Adept  
  38  39:55  Zealot x6  
  36  41:09  Zealot x3  
  36  41:10  Zealot x3  
Show
View Real Time Build Order
Export as new Build Order

GrandmomSC Zerg 

Build Orders: Pool First, Swarm Host 

Get SALT Encoding   

  12  0:00  Drone  
  13  0:17  Overlord  
  13  0:18  Drone  
  14  0:35  Drone x2  
  14  0:39  Drone  
  17  0:50  Spawning Pool  
  17  0:52  Drone  
  17  0:55  Extractor  
  16  1:01  Drone  
  17  1:22  Hatchery  
  17  1:25  Drone  
  17  1:27  Drone  
  18  1:37  Zergling x2  
  19  1:42  Queen  
  21  1:53  Overlord  
  21  1:56  Drone  
  22  2:01  Metabolic Boost  
  22  2:14  Roach Warren  
  21  2:54  Roach x6  
  33  2:59  Roach  
  35  3:22  Zergling x2  
  35  3:23  Overlord  
  36  3:28  Spore Crawler  
  35  3:41  Zergling x2, Queen x2  
  35  3:42  Zergling x4  
  42  3:50  Overlord  
  42  3:56  Drone x2  
  44  4:14  Drone x5  
  48  4:24  Drone x2  
  49  4:31  Drone x3  
  52  4:45  Overlord x2  
  51  4:55  Drone  
  51  4:56  Overlord  
  52  5:05  Overlord  
  52  5:06  Drone x2  
  53  5:15  Drone  
  53  5:16  Drone  
  51  5:21  Lair  
  51  5:22  Drone  
  51  5:23  Spore Crawler  
  51  5:26  Drone  
  42  5:40  Drone x3  
  45  5:44  Extractor x2  
  45  5:45  Extractor  
  42  5:53  Drone x2  
  44  6:04  Spore Crawler  
  43  6:26  Drone x9  
  52  6:40  Spore Crawler  
  52  6:41  Spore Crawler  
  50  6:48  Infestation Pit, Spire  
  48  7:03  Queen x2, Overlord  
  52  7:12  Roach Warren, Spore Crawler  
  50  7:17  Overlord  
  50  7:24  Drone x5  
  55  7:39  Queen  
  57  7:59  Swarm Host x3  
  57  8:01  Overlord x3  
  66  8:07  Nydus Network  
  65  8:26  Hatchery  
  64  8:44  Overlord  
  64  8:47  Corruptor x8  
  64  8:48  Corruptor  
  81  9:04  Hatchery  
  77  9:47  Swarm Host x6  
  77  9:52  Overlord x2  
  95  10:02  Nydus Canal  
  95  10:04  Swarm Host  
  98  10:10  Overlord  
  98  10:13  Queen  
  100  10:27  Hatchery  
  94  10:31  Swarm Host  
  94  10:33  Nydus Canal  
  94  10:35  Extractor  
  96  10:37  Extractor  
  91  10:55  Nydus Canal  
  87  10:58  Swarm Host  
  87  10:59  Overlord x2  
  87  11:00  Drone x3  
  93  11:36  Corruptor x4  
  91  12:02  Corruptor x3  
  91  12:06  Zergling x2  
  91  12:07  Zergling x4  
  94  12:30  Roach x4  
  98  12:48  Swarm Host  
  98  12:49  Swarm Host x3  
  110  13:00  Swarm Host  
  113  13:14  Swarm Host  
  113  13:15  Swarm Host  
  113  13:18  Overlord  
  119  13:39  Hive  
  120  13:41  Drone x6  
  125  13:53  Nydus Canal  
  125  14:07  Nydus Canal  
  125  14:12  Overlord x3  
  117  14:27  Spine Crawler  
  117  14:28  Spine Crawler  
  117  14:30  Spine Crawler  
  112  14:46  Roach x9  
  130  15:00  Queen  
  130  15:02  Greater Spire  
  130  15:04  Drone  
  130  15:05  Drone, Queen  
  136  15:14  Drone x5  
  141  15:21  Nydus Canal  
  141  15:41  Queen  
  143  15:51  Swarm Host, Corruptor  
  143  15:52  Corruptor x3  
  143  15:56  Spore Crawler  
  153  16:11  Overlord  
  153  16:12  Overlord x2  
  153  16:24  Nydus Canal  
  153  16:28  Overlord  
  153  16:29  Overlord x3  
  153  17:02  Drone x9  
  153  17:04  Spore Crawler  
  153  17:06  Spore Crawler  
  160  17:08  Corruptor  
  160  17:15  Zerg Flyer Weapons Level 1  
  144  17:27  Hatchery  
  143  17:32  Corruptor x3  
  143  17:33  Corruptor  
  143  17:36  Nydus Canal  
  143  18:06  Corruptor x5  
  152  18:20  Brood Lord x2  
  137  18:47  Drone  
  137  18:48  Drone x6  
  144  19:06  Drone x4  
  144  19:08  Hatchery  
  141  19:20  Corruptor  
  143  19:41  Hatchery  
  130  19:57  Corruptor  
  124  20:17  Overlord x2  
  120  20:22  Nydus Canal  
  120  20:27  Drone x6  
  119  20:58  Corruptor x3  
  125  21:04  Nydus Canal  
  122  21:51  Corruptor x5  
  122  21:53  Drone  
  133  21:57  Queen  
  133  21:58  Queen  
  123  22:11  Corruptor  
  125  22:40  Drone x2  
  127  23:19  Brood Lord x2  
  131  23:39  Corruptor  
  121  23:54  Nydus Canal  
  125  23:57  Zergling x4  
  121  24:11  Zergling x2  
  116  24:28  Corruptor  
  116  24:29  Corruptor x2  
  116  24:30  Brood Lord x2  
  117  24:32  Zergling x4  
  117  24:37  Hatchery  
  117  24:38  Hatchery  
  111  24:45  Nydus Canal  
  111  25:11  Hatchery  
  110  25:14  Spore Crawler  
  110  25:15  Spore Crawler  
  107  25:22  Hatchery  
  101  25:40  Roach  
  101  25:41  Roach x5  
  110  26:07  Roach  
  110  26:08  Roach x8  
  128  26:24  Nydus Canal  
  120  26:41  Roach x2  
  120  26:42  Roach x7  
  132  27:01  Roach x3  
  138  27:05  Hatchery  
  137  27:29  Corruptor x4  
  130  27:43  Overlord  
  128  27:56  Nydus Canal  
  118  28:33  Spore Crawler  
  117  28:34  Spore Crawler  
  117  28:35  Spore Crawler  
  107  28:59  Roach  
  105  29:41  Spore Crawler  
  104  30:07  Overlord  
  79  31:45  Overlord  
  79  31:46  Overlord x2  
  75  32:52  Overseer  
  19  36:58  Ravager  
Show
View Real Time Build Order
Export as new Build Order

phantomvoid Terran 

Build Orders: Cyclone Opening 

Get SALT Encoding   

  12  0:02  SCV  
  13  0:24  SCV  
  13  0:28  Refinery  
  14  0:30  Supply Depot  
  14  0:41  SCV  
  15  0:57  SCV  
  15  1:02  Barracks  
  16  1:12  SCV  
  17  1:24  SCV  
  18  1:39  SCV  
  19  1:45  Command Center  
  19  1:56  Factory  
  19  1:57  Barracks Tech Lab  
  19  2:01  SCV  
  20  2:12  Refinery  
  20  2:13  SCV  
  21  2:25  SCV  
  22  2:38  SCV, Supply Depot  
  23  2:56  Cyclone  
  23  2:57  Orbital Command, Barracks Reactor  
  26  3:08  Supply Depot  
  26  3:15  SCV  
  27  3:24  Starport, SCV  
  28  3:27  SCV  
  29  3:38  SCV  
  29  3:40  Orbital Command  
  30  3:51  Refinery  
  30  3:55  Refinery  
  30  4:01  SCV  
  31  4:06  SCV, Fusion Core  
  32  4:13  SCV  
  30  4:18  SCV  
  31  4:26  Starport  
  31  4:28  SCV  
  31  4:30  SCV  
  33  4:40  SCV  
  33  4:42  SCV  
  35  4:53  SCV  
  35  4:55  SCV  
  35  4:57  Supply Depot  
  37  5:05  Battlecruiser  
  43  5:08  SCV  
  44  5:15  Weapon Refit  
  44  5:18  SCV  
  44  5:19  Command Center  
  45  5:24  SCV  
  46  5:30  SCV  
  46  5:31  Starport Tech Lab  
  47  5:36  SCV  
  48  5:43  Starport, SCV  
  48  5:45  Armory  
  48  5:48  SCV  
  50  5:56  SCV  
  51  6:00  SCV  
  52  6:08  SCV  
  53  6:12  Battlecruiser  
  59  6:26  Marine x2  
  59  6:31  Battlecruiser, Widow Mine  
  69  6:35  Supply Depot  
  69  6:43  Starport Tech Lab, Refinery  
  69  6:44  Marine  
  70  6:53  Widow Mine  
  72  6:57  SCV  
  73  7:04  Refinery  
  73  7:09  SCV, Battlecruiser  
  78  7:16  Marine, Battlecruiser  
  78  7:17  Marine  
  78  7:21  SCV  
  87  7:33  SCV  
  87  7:34  Marine x2  
  90  7:45  SCV  
  91  8:13  Supply Depot  
  91  8:14  Supply Depot  
  91  8:16  Supply Depot  
  91  8:19  Engineering Bay  
  91  8:35  Battlecruiser  
  91  8:36  Battlecruiser  
  91  8:37  Orbital Command  
  103  8:45  Battlecruiser  
  109  8:59  Terran Vehicle And Ship Armor Level 1  
  109  9:04  Armory  
  109  9:38  Orbital Command  
  109  9:39  Battlecruiser  
  109  9:43  SCV  
  116  9:55  SCV  
  116  9:57  Terran Ship Weapons Level 1  
  117  10:17  Supply Depot  
  117  10:18  Supply Depot  
  117  10:20  Supply Depot x2  
  117  10:38  SCV x2, Marine x2  
  117  10:40  Battlecruiser  
  127  10:51  SCV x2  
  127  10:56  Marine x2  
  131  11:02  Battlecruiser  
  131  11:03  SCV x2  
  139  11:14  Marine x2  
  139  11:15  SCV  
  142  11:18  Refinery  
  142  11:19  Refinery  
  142  11:27  SCV  
  142  11:29  Refinery, Command Center  
  142  11:32  Marine x2, Refinery  
  133  11:49  Marine x2  
  135  11:54  Battlecruiser  
  136  12:07  Marine x2  
  121  12:16  Command Center, Refinery  
  121  12:19  Refinery  
  121  12:20  Battlecruiser  
  127  12:25  Marine x2  
  127  12:27  SCV  
  130  12:37  Supply Depot  
  130  12:39  SCV  
  130  12:43  Marine x2  
  133  12:54  Battlecruiser  
  139  13:00  Supply Depot  
  132  13:26  Supply Depot  
  129  13:38  SCV x3  
  95  13:54  Marine  
  95  13:55  Barracks, Marine  
  89  14:09  Factory Reactor  
  89  14:12  Marine x2  
  89  14:13  Banshee  
  89  14:14  Cloaking Field  
  76  14:23  SCV  
  77  14:27  Refinery  
  77  14:30  Marine x2  
  79  14:34  Barracks x4  
  79  14:35  SCV  
  79  14:36  Barracks x2  
  79  14:37  Barracks  
  80  14:47  SCV  
  80  14:48  Marine x2  
  83  14:54  Barracks Tech Lab  
  83  14:59  SCV  
  84  15:05  Marine  
  84  15:06  Marine  
  80  15:18  Stimpack  
  80  15:19  Engineering Bay x2, Marine  
  80  15:20  Marine  
  75  15:23  Marine  
  75  15:24  Marine  
  69  15:34  Engineering Bay, SCV  
  51  15:37  Marine  
  51  15:41  Marine  
  51  15:42  Marine  
  50  15:46  SCV  
  43  15:50  Barracks Reactor  
  43  15:53  Medivac  
  43  15:54  Medivac  
  43  15:55  Marine  
  43  15:56  Widow Mine  
  42  15:59  SCV, Marine x2  
  43  16:09  Viking  
  43  16:11  SCV  
  46  16:13  Marine  
  46  16:16  Barracks  
  46  16:17  Marine x2, Widow Mine  
  46  16:18  Command Center  
  51  16:23  SCV  
  52  16:31  Orbital Command  
  51  16:34  Marine x2  
  51  16:35  Marine  
  51  16:38  Widow Mine  
  51  16:39  Viking  
  58  16:57  SCV  
  59  17:09  SCV  
  59  17:11  Marine x2  
  59  17:12  Marine  
  59  17:15  Terran Infantry Weapons Level 1  
  63  17:18  Engineering Bay  
  63  17:23  SCV  
  63  17:29  Marine x2  
  65  17:35  SCV  
  67  17:40  Combat Shield  
  67  17:47  SCV  
  67  17:49  Barracks Reactor, Marine x2  
  67  17:50  Marine x3  
  73  17:52  Viking  
  73  17:55  Terran Infantry Armor Level 1  
  75  17:59  SCV  
  75  18:00  SCV  
  77  18:07  Marine  
  77  18:08  Marine x2  
  77  18:12  SCV x2  
  82  18:19  Marine x3  
  85  18:22  Viking  
  85  18:24  SCV x2  
  85  18:25  Marine x2  
  85  18:26  Marine  
  92  18:36  SCV  
  92  18:37  Marine x2  
  87  18:46  Marine x4  
  87  18:47  Marine x5  
  87  18:48  SCV  
  96  18:57  Supply Depot  
  96  19:00  SCV  
  96  19:02  Medivac  
  99  19:08  Medivac  
  101  19:10  Marine x2  
  101  19:12  SCV  
  103  19:31  Marine, Medivac  
  105  19:32  Marine x2, Medivac  
  105  19:35  SCV  
  73  19:51  Medivac  
  73  19:52  Marine x2  
  76  19:54  Marine  
  76  19:55  SCV  
  79  20:01  Medivac  
  81  20:15  SCV  
  81  20:20  Marine x4  
  86  20:28  SCV  
  87  20:33  Marine x5  
  92  20:40  SCV, Medivac  
  95  20:52  SCV  
  97  21:04  SCV  
  97  21:10  Terran Infantry Armor Level 2, Terran Infantry Weapons Level 2  
  97  21:14  Marine  
  97  21:15  Marine x8  
  97  21:16  SCV  
  88  21:39  Marine x2, Command Center  
  88  21:42  Marine  
  91  21:49  Refinery  
  91  21:50  Refinery  
  91  21:52  Marine  
  92  21:54  Concussive Shells  
  92  22:17  Marine  
  92  22:18  Marine x7  
  92  22:19  Marine  
  94  22:28  Marine  
  94  22:29  Marine  
  93  22:35  Marine x2  
  93  22:36  SCV  
  96  22:48  SCV  
  79  23:07  Marine x3  
  79  23:08  Marine x7  
  77  23:13  SCV  
  78  23:26  Factory Tech Lab  
  77  23:27  Orbital Command  
  61  23:39  Medivac  
  61  23:40  Medivac  
  50  24:36  SCV  
  51  24:48  SCV  
  52  25:02  SCV  
  53  25:14  SCV  
  54  25:27  SCV  
  55  25:31  Command Center  
  53  25:39  SCV  
  53  25:51  SCV  
  35  29:04  Marine  
Tags
 
Add a new tag
Caveats
  • Supply blocks, unpowered buildings, or Contaminate may cause inaccurate times.
  • Supply counts are checked every 10 seconds.